 Dungeon Crawl Stone Soup version 0.30.1-11-g7821555f0a (webtiles) character file.

Game seed: 5346534069173268363

67 AppTheSpectato the Sneak (level 4, -6/23 HPs)
             Began as a Vine Stalker Brigand on Nov 1, 2023.
             Splashed by a jelly's acid (9 damage)
             ... on level 3 of the Dungeon.
             The game lasted 00:07:08 (1803 turns).

AppTheSpectato the Sneak (Vine Stalker Brigand)     Turns: 1803, Time: 00:07:08

Health: -6/23      AC:  4    Str: 13    XL:     4   Next: 18%
Magic:  0/5        EV: 11    Int: 11    God:
Gold:   102        SH:  0    Dex: 18    Spells: 3/3 levels left

rFire   . . .        g - +1 dagger (protect)
rCold   . . .        (no shield)
rNeg    . . .        b - +0 robe
rPois   .            h - +2 hat
rElec   .            c - +0 cloak
rCorr   .            (no gloves)
SInv    .            (no boots)
Will    .....        (no amulet)
Stlth   +++          (no ring)
HPRegen 1.03/turn    (no ring)
MPRegen 0.09/turn

%: guardian spirit
@: corroded, under a protective aura
A: fangs 2, regeneration 1, magic shield, antimagic bite, no potion heal 2
a: no special abilities


You were on level 3 of the Dungeon.
You visited 1 branch of the dungeon, and saw 3 of its levels.

You collected 102 gold pieces.

Inventory:

Hand Weapons
 a - a +2 dagger
 g - a +1 dagger of protection (weapon)
Missiles
 d - 9 poisoned darts
 e - 2 curare-tipped darts (quivered)
Armour
 b - a +0 robe (worn)
 c - a +0 cloak (worn)
 h - a +2 hat (worn)
Scrolls
 f - a scroll of enchant armour {unknown}
 i - 4 scrolls of identify {unknown}
 j - a scroll of blinking {unknown}
 k - 3 scrolls of enchant weapon {unknown}
 m - a scroll of poison {unknown}
 n - a scroll of teleportation {unknown}
 o - a scroll of noise {unknown}
Potions
 l - a potion of curing {unknown}
 p - a potion of brilliance {unknown}
 q - a potion of lignification {unknown}


   Skills:
 + Level 2.4 Fighting
 + Level 2.4 Short Blades
 + Level 2.4 Throwing
 - Level 0.7 Dodging
 + Level 5.5 Stealth


You had 3 spell levels left.
You didn't know any spells.
Your spell library contained the following spells:

 Spells                   Type           Power      Damage    Failure   Level
 Stone Arrow              Conj/Erth      0%         3d7       71%         3
 Animate Armour           Summ/Erth      0%         N/A       98%         4
 Lehudib's Crystal Spear  Conj/Erth      0%         10d2      100%        8


Dungeon Overview and Level Annotations

Branches:
Dungeon (3/15)

Altars:
The Shining One


Innate Abilities, Weirdness & Mutations

You have extremely sharp teeth.
Your natural rate of healing is unusually fast.
When hurt, damage is shared between your health and your magic reserves.
Your bite disrupts and absorbs the magic of your enemies.
Potions cannot restore your health.


Message History

You impale the orc!!
Your weapon exudes an aura of protection.
You kill the orc!
You have reached level 4!
You feel agile.
You begin to heal more quickly.
There is a glowing golden altar of the Shining One here.
You kneel at the altar of the Shining One.
Unknown command.
Press < or > to pray at altars.
An adder comes into view.
Found a bubbling brown potion and 8 gold pieces.
The helpless adder fails to defend itself.
You impale the adder!!
Your weapon exudes an aura of protection.
You kill the adder!
You now have 102 gold pieces (gained 8).
You see here an adder corpse.
A jelly comes into view.
You see here a bubbling brown potion.
q - a bubbling brown potion You hit the jelly.
Your weapon exudes an aura of protection.
Your hands burn!
The jelly is moderately wounded.
The jelly hits you. The acid corrodes you!
You are splashed with acid!
You hit the jelly but do no damage.
Your hands burn!
The jelly is moderately wounded.
The jelly hits you.
You are splashed with acid.
* * * LOW HITPOINT WARNING * * *
You are too injured to fight recklessly!
Throw: 3 darts (curare)
Press: ? - help, Q - select action, (/) - cycle Shift-Dir - straight line, f - jelly
Aim: a jelly (moderately wounded, 90% to hit)
You throw a curare-tipped dart. The curare-tipped dart hits the jelly.
The jelly is moderately wounded.
The jelly hits you.
* * * LOW HITPOINT WARNING * * *
The acid corrodes you!
You are splashed with acid!
You die...

..#$##.# #.#.##.#
#.#.##.# #.#.##.#
#.#.##.###
####.....†..#
#...........#
..######...........#
......J@...........#
..##...#...........#
.....#.#...........#
.... ..#...##.##.###
### ######.##.##.#
..##.##.# .#.##.##.#
.##.##.# #....#


You could see a jelly.

Vanquished Creatures
  2 adders
  An orc (D:3)
  7 ball pythons
  3 bats (D:1)
  7 endoplasms
  3 giant cockroaches (D:2)
  5 goblins
  5 hobgoblins
  3 quokkas
  4 frilled lizards
  2 kobolds (D:2)
  A rat (D:2)
43 creatures vanquished.

Notes
Turn   | Place    | Note
-------+----------+-------------------------------------------
     0 | D:1      | AppTheSpectato the Vine Stalker Brigand began the quest for
                  | the Orb.
     0 | D:1      | Reached XP level 1. HP: 11/11 MP: 2/2
    93 | D:1      | Reached skill level 5 in Stealth
    93 | D:1      | Reached XP level 2. HP: 13/15 MP: 3/3
   607 | D:1      | Found a faded altar of an unknown god.
   788 | D:1      | Reached XP level 3. HP: 18/18 MP: 4/4
  1750 | D:3      | Found a glowing golden altar of the Shining One.
  1755 | D:3      | Gained mutation: Your natural rate of healing is unusually
                  | fast. [Vine Stalker growth]
  1755 | D:3      | Reached XP level 4. HP: 23/23 MP: 5/5
  1803 | D:3      | Splashed by a jelly's acid

Illustrated notes

Levels and vault maps discovered:
D:1:      kennysheep_arrival_forest, layout_loops_ring,
          dreamdust_ecumenical_altar_hidden_monk_grotto
D:2:      layout_loops_corners
D:3:      layout_rooms, mainiacjoe_overflow_alcove_1, serial_glass,
          glass_columns_a, glass_columns_a

Skill      XL: |  1  2 |
---------------+-------+-----
Stealth        | 5 |  5.5
Fighting       | 2 |  2.4
Short Blades   | 2 |  2.4
Throwing       | 2 |  2.4
Dodging        | |  0.7

Action                     |  1- 3 |  4- 6 || total
---------------------------+-------+-------++-------
  Melee: Dagger            |   100 |     3 ||   103
         Bite              |    15 |       ||    15
  Throw: Dart              |       |     1 ||     1
   Stab: Sleeping          |    16 |     1 ||    17
         Distracted        |     1 |       ||     1
 Armour: Robe              |    34 |       ||    34
  Dodge: Dodged            |    38 |       ||    38
